 Dungeon Crawl Stone Soup version 0.29-a0-555-g3b24f45cc1 (webtiles) character file.

Game seed: 6151939272308714400

4039 snarfax the Grappler (level 10, -1/88 HPs)
             Began as a Troll Berserker on June 8, 2022.
             Was an Elder of Trog.
             Slain by a gnoll shaman
             ... wielding a +0 spear
              (12 damage)
             ... in a bailey.
             The game lasted 00:29:44 (6466 turns).

snarfax the Grappler (Troll Berserker)              Turns: 6466, Time: 00:29:44

Health: -1/88      AC:  5    Str: 33    XL:     10   Next: 4%
Magic:  9/9        EV:  7    Int:  7    God:    Trog [****..]
Gold:   971        SH: 12    Dex:  9    Spells: 9/9 levels left

rFire   . . .      SeeInvis .     - Unarmed
rCold   . . .      Faith    .   x - +1 tower shield
rNeg    . . .      Spirit   .   t - +0 robe
rPois   .          Reflect  .   (helmet restricted)
rElec   .          Harm     .   f - +0 cloak
rCorr   .          Rampage  .   (gloves unavailable)
Will    +....                   (boots unavailable)
Stlth   +.........              (no amulet)
HPRegen 1.04/turn               F - ring of willpower
MPRegen 0.11/turn               w - +6 ring of strength

@: about to teleport, on berserk cooldown, slowed, very slow
A: large, unfitting armour, claws 3, regeneration 1, shaggy fur 1, tough skin 1
a: Renounce Religion, Berserk, Trog's Hand, Brothers in Arms


You were in a bailey.
You worshipped Trog.
Trog was greatly pleased with you.
You visited 1 branch of the dungeon, and saw 7 of its levels.
You also visited: Bailey.

You collected 971 gold pieces.

Inventory:

Missiles
 u - 2 atropa-tipped darts
 A - 4 javelins (quivered)
Armour
 a - a +0 animal skin
 f - a +0 cloak (worn)
 t - a +0 robe (worn)
 x - a +1 tower shield (worn)
Jewellery
 h - a ring of magical power
 i - a ring of ice
 n - a ring of fire
 q - a ring of positive energy
 w - a +6 ring of strength (right claw)
 F - a ring of willpower (left claw)
Wands
 H - a wand of flame (14)
Scrolls
 c - 2 scrolls of fog
 d - a scroll of torment
 g - 4 scrolls of teleportation
 j - a scroll of noise
 k - a scroll of vulnerability
 l - 2 scrolls of poison
Potions
 e - 2 potions of lignification
 o - a potion of flight {unknown}
 p - 3 potions of brilliance
 z - 5 potions of curing
 B - a potion of ambrosia {unknown}
 D - 2 potions of haste {unknown}
 E - a potion of degeneration {unknown}
 G - a potion of might {unknown}


   Skills:
 - Level 2.4 Fighting
 - Level 5.0 Throwing
 - Level 2.4 Dodging
 * Level 4.1 Shields
 + Level 12.8 Unarmed Combat


You had 9 spell levels left.
You didn't know any spells.
Your spell library was empty.

Dungeon Overview and Level Annotations

Branches:
Dungeon (7/15)             Temple (0/1) D:5          Bailey (1/1)

Altars:
Ashenzari
Elyvilon
Gozag
Kikubaaqudgha
Makhleb
Trog

Shops:
D:6 :

Annotations:
D:6 1 runed translucent door, bande's ghost, novice GrFi


Innate Abilities, Weirdness & Mutations

You are too large for most types of armour.
You have claws for hands.
Your natural rate of healing is unusually fast.
You are covered in fur. (AC +1)
You have tough skin. (AC +1)


Message History

The gnoll shaman seems to speed up.
You block the gnoll shaman's attack.
Items here: )) [[.
You block the gnoll shaman's attack.
You see here a wolf corpse.
The gnoll shaman hits you from afar with a +0 spear!
Things that are here:
a +0 halberd; a +0 ring mail The gnoll shaman hits you from afar with a +0 spear.
The gnoll shaman closely misses you.
There is a broken gate, spattered with blood here.
Things that are here:
a +0 halberd; a +0 chain mail Throw: 5 javelins
Press: ? - help, Q - select action, (/) - cycle Shift-Dir - straight line, f - gnoll shaman
Aim: a gnoll shaman, wielding a +0 spear and wearing a +0 scale mail (fast, 65% to hit)
You throw a javelin.
The javelin pierces through the gnoll shaman!
The gnoll shaman is severely wounded.
The javelin closely misses the gnoll shaman.
The gnoll shaman hits you from afar with a +0 spear!
The gnoll shaman calls upon its god to speed up the gnoll shaman.
The gnoll shaman seems to speed up.
The gnoll shaman calls upon its god to heal the gnoll shaman.
The gnoll shaman is healed somewhat.
The gnoll shaman closely misses you.
The gnoll shaman hits you but does no damage.
The gnoll shaman hits you from afar with a +0 spear!
* * * LOW HITPOINT WARNING * * *
The gnoll shaman hits you from afar with a +0 spear!
* * * LOW HITPOINT WARNING * * *
Items here: ))) [[[ ÷.
As you read the scroll of teleportation, it crumbles to dust.
You feel strangely unstable. You block the gnoll shaman's attack. x2
The gnoll shaman hits you but does no damage.
The gnoll shaman hits you from afar with a +0 spear!
* * * LOW HITPOINT WARNING * * *
You block the gnoll shaman's attack.
The gnoll shaman mumbles some strange prayers to its god against you.
You resist with almost no effort.
The gnoll shaman hits you from afar with a +0 spear!
You die...

♣≈ ##.))..##...#≈♣ ♣≈
##.†.##....#≈♣ ♣≈
##'##....8#≈♣ ♣≈
#.).#.....#≈♣ ♣≈##
#.†.#'#####≈♣ ♣≈.#
#.).#..).#.≈♣
♣≈.######gg'######.≈♣
♣≈........)).......≈♣
♣≈≈...)...@)......≈≈♣
♣♣≈≈≈≈≈≈≈.).≈≈≈≈≈≈≈♣♣
♣♣.......).......♣♣
♣♣♣.....).....♣♣♣
♣♣.....).♣♣♣♣
♣♣♣♣.).♣♣ ♣♣.♣♣ ♣.♣
♣∩♣


You could see 2 gnoll shamans.

Vanquished Creatures
  Grinder (D:5)
  Sigmund (D:2)
  Grum (Bailey)
  An ice beast (D:6)
  2 black bears
  An orc warrior (D:6)
  An ogre (D:5)
  5 wolves (Bailey)
  A centaur (D:6)
  2 bullfrogs (D:6)
  8 gnoll sergeants (Bailey)
  2 necrophages (D:5)
  3 scorpions
  7 wights
  3 vampire bats (D:4)
  5 killer bees (D:7)
  3 jellies
  7 hounds
  5 gnoll shamans (Bailey)
  4 iguanas
  2 orc wizards
  A hound skeleton (D:5)
  9 gnolls
  8 adders
  A shadow imp (D:5)
  An ufetubus (D:5)
  3 worms
  3 dart slugs
  19 orcs
  3 bats
  2 bat skeletons (D:4)
  3 bat zombies (D:4)
  10 endoplasms
  3 giant cockroaches
  7 hobgoblins
  8 kobolds
  5 quokkas
  3 ball pythons
  6 frilled lizards
  15 goblins
  10 rats
185 creatures vanquished.

Vanquished Creatures (collateral kills)
  A water moccasin (D:7)
1 creature vanquished.

Vanquished Creatures (others)
  5 toadstools (D:7)
5 creatures vanquished.

Grand Total: 191 creatures vanquished

Notes
Turn   | Place    | Note
-------+----------+-------------------------------------------
     0 | D:1      | snarfax the Troll Berserker began the quest for the Orb.
     0 | D:1      | Reached XP level 1. HP: 22/22 MP: 0/0
   190 | D:1      | Reached XP level 2. HP: 29/29 MP: 1/1
   357 | D:1      | Reached skill level 4 in Unarmed Combat
   598 | D:1      | Found a faded altar of an unknown god.
   604 | D:1      | Reached ** piety under Trog
  1001 | D:2      | Noticed Sigmund
  1009 | D:2      | Killed Sigmund
  1010 | D:2      | Reached skill level 6 in Unarmed Combat
  1010 | D:2      | Reached XP level 3. HP: 25/36 MP: 2/2
  1010 | D:2      | Reached XP level 4. HP: 30/44 MP: 3/3
  1010 | D:2      | Reached XP level 5. HP: 34/50 MP: 4/4
  1521 | D:3      | Found a bloodstained altar of Trog.
  1724 | D:3      | Reached XP level 6. HP: 59/59 MP: 5/5
  1766 | D:3      | Reached *** piety under Trog
  2766 | D:4      | Reached skill level 7 in Unarmed Combat
  3043 | D:4      | Found a broken altar of Ashenzari.
  3241 | D:4      | Found an ancient bone altar of Kikubaaqudgha.
  3254 | D:4      | Reached skill level 8 in Unarmed Combat
  3254 | D:4      | Reached XP level 7. HP: 66/66 MP: 6/6
  3376 | D:5      | Entered Level 5 of the Dungeon
  3616 | D:5      | Reached skill level 9 in Unarmed Combat
  3658 | D:5      | Found a staircase to the Ecumenical Temple.
  3824 | D:5      | Found a burning altar of Makhleb.
  3829 | D:5      | Reached **** piety under Trog
  3970 | D:5      | Reached XP level 8. HP: 67/74 MP: 7/7
  3987 | D:5      | Noticed Grinder
  3995 | D:5      | Killed Grinder
  3996 | D:5      | Reached skill level 10 in Unarmed Combat
  4285 | D:6      | Found Ymnikyry's Book Boutique.
  4295 | D:6      | Reached skill level 1 in Throwing
  4366 | D:6      | HP: 3/69 [wight/+5 trident (10)]
  4550 | D:6      | Reached skill level 11 in Unarmed Combat
  4747 | D:6      | Found an opulent altar of Gozag.
  4787 | D:6      | Reached XP level 9. HP: 80/80 MP: 8/8
  4880 | D:6      | Found a white marble altar of Elyvilon.
  4932 | D:6      | Found a runed translucent door.
  4932 | D:6      | Noticed bande's ghost (novice GrFi)
  5604 | D:7      | Reached skill level 5 in Throwing
  5682 | D:6      | Reached skill level 12 in Unarmed Combat
  5762 | D:7      | Found a flagged portal.
  5781 | Bailey   | Entered a bailey
  6037 | Bailey   | Reached skill level 1 in Shields
  6316 | Bailey   | Noticed Grum
  6450 | Bailey   | Killed Grum
  6451 | Bailey   | Reached XP level 10. HP: 59/88 MP: 9/9
  6466 | Bailey   | Slain by a gnoll shaman

Illustrated notes

Levels and vault maps discovered:
D:1:      denvon_arrival_planthouse, layout_basic, basic_ecumenical_altar,
          minmay_split_cup_small
D:2:      layout_basic, minmay_misc_feat_diagonals, uniq_sigmund
D:3:      layout_basic, mainiacjoe_overflow_brackets, lemuel_old_faithful
D:4:      layout_loops_ring, kennysheep_vampire_church,
          nicolae_overflow_hidden_temple, cheibrodos_gnoll_hut
D:5:      nicolae_cairo_tiling, layout_basic, makhleb_blood_cavern_becter,
          minmay_fountain_box, uniq_grinder
D:6:      layout_basic, marbit_many_paths, mainiacjoe_overflow_small_starburst,
          gammafunk_ghost_grave, serial_shops, nicolae_stop_n_shop_2,
          minmay_hedge_maze, interstate_on_off
D:7:      lemuel_ice_statue, layout_basic, enter_bailey_5, minmay_holes,
          kennysheep_nondescript, serial_park_tiny_2, minmay_gold_behind_fungi,
          small_statue_intersection, minmay_lizard_king
Bailey:   bailey_polearm_gnolls_kennysheep, bailey

Skill      XL: |  1  2  3  4  5  6  7  8  9 |
---------------+----------------------------+-----
Unarmed Combat | 6 8 9 11 12 | 12.8
Throwing       | 3 5 |  5.0
Shields        | 4 |  4.1
Fighting       | |  2.4
Dodging        | |  2.4

Action                   |  1- 3 |  4- 6 |  7- 9 | 10-12 || total
-------------------------+-------+-------+-------+-------++-------
Melee: Unarmed           |    67 |   181 |   283 |     1 ||   532
       Punch             |       |     2 |       |       ||     2
Throw: Dart              |       |       |    14 |       ||    14
       Javelin           |       |       |    14 |     1 ||    15
       Throwing net      |       |       |     2 |       ||     2
Invok: Trog's Hand       |       |       |     5 |       ||     5
       Berserk           |       |       |     1 |       ||     1
Evoke: Wand              |       |       |     8 |       ||     8
  Use: Scroll            |     5 |     1 |    13 |     1 ||    20
       Potion            |       |       |     7 |       ||     7
 Stab: Invisible         |       |       |     1 |       ||     1
Armor: Animal skin       |    13 |    23 |       |       ||    36
       Robe              |       |    50 |    83 |     2 ||   135
Dodge: Dodged            |    23 |    47 |    95 |     3 ||   168
Block: Tower shield      |       |    45 |   175 |     6 ||   226

Table legend: (Time is in decaauts)
 A = Elapsed time spent in this place.
 B = Non-inter-level travel time spent in this place.
 C = Inter-level travel time spent in this place.
 D = Time resting spent in this place.
 E = Time spent auto-exploring this place.
 F = Levels seen in this place.
 G = Mean time per level.
                   A        B        C        D        E       F      G
               +--------+--------+--------+--------+--------+-----+--------+
         Total |   6534 |   6436 |     98 |    489 |   4036 |   8 |  816.8 |
       Dungeon |   5811 |   5713 |     98 |    320 |   4036 |   7 |  830.1 |
        Bailey |    722 |    722 |      0 |    169 |      0 |   1 |  722.0 |
               +--------+--------+--------+--------+--------+-----+--------+

Top non-repeatable levels by time:
     D:6: 1070 daAuts
     D:5: 986 daAuts
     D:1: 983 daAuts
     D:3: 943 daAuts
     D:4: 918 daAuts
  Bailey: 722 daAuts
     D:2: 528 daAuts
     D:7: 378 daAuts
